 Dungeon Crawl Stone Soup version 0.21.1-1-g345015fe64 (webtiles) character file.

88484 Jannitor the Eternal Night (level 15, -6/115 HPs)
             Began as a Demonspawn Wanderer on June 29, 2018.
             Was the Champion of Dithmenos.
             Mangled by a spriggan berserker
             ... wielding a +0 war axe
              (37 damage)
             ... on level 15 of the Dungeon on June 30, 2018.
             The game lasted 01:50:55 (45916 turns).

Jannitor the Eternal Night (Demonspawn Wanderer)   Turns: 45916, Time: 01:50:56

Health: -6/115     AC: 10    Str: 16    XL:     15   Next: 46%
Magic:  7/24       EV: 22    Int: 16    God:    Dithmenos [******]
Gold:   846        SH:  0    Dex: 20    Spells: 1/26 levels left

rFire    . . .     SeeInvis .   a - +7 Spriggan's Knife {MR+ EV+4 Dex+4 Stlth+}
rCold    + . .     Gourm    .   (no shield)
rNeg     . . .     Faith    .   k - +2 robe {MR+}
rPois    .         Spirit   .   (helmet unavailable)
rElec    .         Reflect  .   (no cloak)
rCorr    .         Harm     .   K - +0 pair of gloves
MR       +++..                  i - +1 pair of boots {run}
Stlth    ++++++++++             (no amulet)
HPRegen  0.29/turn              e - ring of stealth
MPRegen  0.19/turn              U - +3 ring of dexterity

@: about to teleport, wreathed by umbra, quick
A: horns 3, slimy green scales 2, cold resistance 1, nightstalker 2
a: Shadow Step, Shadow Form, Renounce Religion


You were on level 15 of the Dungeon.
You worshipped Dithmenos.
Dithmenos was exalted by your worship.
You were hungry.

You visited 5 branches of the dungeon, and saw 26 of its levels.
You also visited: Sewer.

You collected 2560 gold pieces.
You spent 1714 gold pieces at shops.

Inventory:

Hand Weapons
 a - the +7 Spriggan's Knife (weapon) {MR+ EV+4 Dex+4 Stlth+}
   (You found it on level 10 of the Dungeon)

   It affects your evasion (+4).
   It affects your dexterity (+4).
   It affects your resistance to hostile enchantments.
   It makes you more stealthy.
 b - a +4 blowgun
 F - a +3 dagger of electrocution
 X - the +9 sword of Zonguldrok {reap}
   (You found it on level 6 of the Lair of Beasts)

   If a monster killed with it leaves a corpse in good enough shape, the corpse
   will be animated as a zombie friendly to the killer.
Missiles
 d - 55 poisoned needles
 L - 7 curare-tipped needles
 N - a throwing net (quivered)
Armour
 i - a +1 pair of boots of running (worn)
 k - a +2 robe of magic resistance (worn)
 l - a +0 buckler
 K - a +0 pair of gloves (worn)
Jewellery
 e - a ring of stealth (left hand)
 h - an uncursed ring of protection from cold
 B - an uncursed ring of protection from fire
 T - an uncursed ring of wizardry
 U - a +3 ring of dexterity (right hand)
Wands
 r - a wand of paralysis (14)
 x - a wand of iceblast (16)
 z - a wand of polymorph (9)
 G - a wand of acid (12)
 H - a wand of enslavement (23)
 I - a wand of disintegration (44)
 S - a wand of digging (26)
Scrolls
 c - 2 scrolls of fog
 g - 6 scrolls of teleportation
 m - 10 scrolls of remove curse
 o - 2 scrolls of amnesia
 C - 3 scrolls of enchant weapon
 D - 2 scrolls of magic mapping
 M - a scroll of enchant armour
 O - a scroll of fear
 V - a scroll of acquirement
Potions
 j - 7 potions of haste
 n - a potion of curing
 p - a potion of resistance
 q - 8 potions of brilliance
 s - a potion of berserk rage
 t - a potion of magic
 u - 2 potions of mutation
 w - a potion of invisibility
 y - 2 potions of ambrosia
 E - 2 potions of flight
 J - 4 potions of agility
 P - 2 potions of cancellation
Books
 v - a book of Geomancy

   Spells                             Type                      Level
   a - Sandblast                      Earth                        1
   b - Passwall                       Transmutation/Earth          2
   c - Stone Arrow                    Conjuration/Earth            3
   d - Petrify                        Transmutation/Earth          4
   e - Lee's Rapid Deconstruction     Earth                        5
 A - the Collected Works on Creative Transmigration
   (You bought it in a shop on level 2 of the Orcish Mines)

   Spells                             Type                      Level
   a - Summon Small Mammal            Summoning                    1
   b - Call Imp                       Summoning                    2
   c - Call Canine Familiar           Summoning                    3
   d - Irradiate                      Conjuration/Transmutation    5
   e - Hydra Form                     Transmutation                6
 Q - the Handbook of Bewitching Earth
   (You found it on level 10 of the Dungeon)

   Spells                             Type                      Level
   a - Corona                         Hexes                        1
   b - Metabolic Englaciation         Hexes/Ice                    5
   c - Iron Shot                      Conjuration/Earth            6
   d - Discord                        Hexes                        8
 R - a book of Beasts

   Spells                             Type                      Level
   a - Summon Butterflies             Summoning                    1
   b - Call Canine Familiar           Summoning                    3
   c - Summon Ice Beast               Ice/Summoning                4
   d - Summon Mana Viper              Hexes/Summoning              5
   e - Summon Hydra                   Summoning                    7
 Y - a book of Frost

   Spells                             Type                      Level
   a - Freeze                         Ice                          1
   b - Throw Frost                    Conjuration/Ice              2
   c - Ozocubu's Armour               Charms/Ice                   3
   d - Throw Icicle                   Conjuration/Ice              4
   e - Summon Ice Beast               Ice/Summoning                4
Comestibles
 f - 16 rations


   Skills:
 - Level 10.0 Fighting
 - Level 10.0 Short Blades
 - Level 4.3 Armour
 - Level 7.3 Dodging
 - Level 9.4 Stealth
 + Level 6.4 Spellcasting
 - Level 9.9 Conjurations
 + Level 9.3 Hexes
 + Level 2.9 Summonings
 - Level 7.7 Transmutations
   Level 2.6 Air Magic
 - Level 7.0 Earth Magic
   Level 1.0 Poison Magic
 - Level 10.2 Invocations
 - Level 1.0 Evocations


You had one spell level left.
You knew the following spells:

 Your Spells              Type           Power        Failure   Level  Hunger
a - Summon Mana Viper     Hex/Summ       ###.....     28%         5    #####..
b - Searing Ray           Conj           #####.       1%          2    None
c - Passwall              Tmut/Erth      ####......   1%          2    None
d - Petrify               Tmut/Erth      ####....     6%          4    ####...
e - Dazzling Spray        Conj/Hex       #####.       1%          3    ##.....
f - Fulminant Prism       Conj/Hex       #####.....   2%          4    ####...
g - Yara's Violent Unrav  Hex/Tmut       ####......   11%         5    #####..


Dungeon Overview and Level Annotations

Branches:
Dungeon (15/15)            Temple (1/1) D:5            Lair (6/6) D:11
  Swamp (2/4) Lair:4        Snake (0/4) Lair:4        Slime (0/5) Lair:5
    Orc (2/2) D:12            Elf (0/3) Orc:2        Vaults (0/5) D:13
 Depths: D:15

Altars:
Ashenzari
Cheibriados
Dithmenos
Elyvilon
Fedhas
Gozag
Hepliaklqana
Kikubaaqudgha
Makhleb
Nemelex Xobeh
Okawaru
Qazlal
Ru
Sif Muna
Trog
Uskayaw
Vehumet
Wu Jian
Xom
Yredelemnul
Zin
The Shining One
Beogh
Jiyva

Shops:
D:12 %   D:15 [   Orc:1 *   Orc:2 :(:?:

Annotations:
D:9 exclusions: door, 10 killer bees and queen bee
D:15 exclusion: Roxanne, Roxanne


Innate Abilities, Weirdness & Mutations

You have a pair of large horns on your head.
You are mostly covered in slimy green scales. (AC +3)
Your flesh is cold resistant. (rC+)
You are significantly more attuned to the shadows.


Message History

The spriggan berserker hits you with an antimagic broad axe!
You feel your power leaking away.
Your fulminant prism explodes!
The blast of energy engulfs the spriggan berserker.
The spriggan berserker is heavily wounded.
The blast of energy engulfs the spriggan berserker.
The spriggan berserker is heavily wounded.
You hear a shout!
Unknown command.
Unknown command.
As you read the scroll of teleportation, it crumbles to dust.
You feel strangely unstable.
The spriggan berserker hits you with a war axe!
* * * LOW HITPOINT WARNING * * *
All of the chunks of flesh in your inventory have rotted away.
Unknown command.
The spriggan berserker utters an invocation to Trog.
The spriggan berserker goes berserk!
The spriggan berserker hits you with a war axe!!!
You die...

# #.###........#######
#..##..........# #...+..........#
######.##..........#
...##..............#
...##...#.##+#.....#
...#.......#.#i....#####
...#...).......i.......#
...'.##.........@#####.#########
...#.#...♣♣♣♣♣.....#...#.......##
...#.# .♣♣ ♣♣....#.........#...
####.# ♣♣...#..##..##.#.## # #.#
♣♣..#......##.#.# # .#
♣..#.####.##.#.# #
♣.........##.### ♣..#.####.##.#
♣..#.####.##.#


You could see 2 spriggan berserkers.

Vanquished Creatures
  Louise (Swamp:1)
  Nessos (D:12)
  2 entropy weavers
  The ghost of zuik the Impaler, a journeyman MfGl of Fedhas (Lair:5)
  A fire dragon (D:13)
  Josephine (Swamp:1)
  Fannar (Orc:1)
  6 ogre magi (Orc:2)
  5 hydras
  A catoblepas (Lair:6)
  4 alligators (Swamp:1)
  3 two-headed ogres
  3 centaur warriors
  A deep troll shaman (Lair:6)
  3 death yaks (Lair:6)
  A queen ant (Lair:6)
  An orc high priest (Orc:2)
  Sonja (Lair:3)
  4 skeletal warriors
  2 unseen horrors
  A lindwurm (Lair:6)
  A shambling mangrove (Swamp:1)
  A wolf spider zombie (D:14)
  An orc knight (Orc:1)
  A wizard (D:13)
  3 ugly things
  2 deep elf magi (D:15)
  5 orc sorcerers (Orc:2)
  10 elephants
  3 manticores
  2 cyclopes
  2 centaur zombies
  5 black mambas
  2 centaur skeletons (D:10)
  10 spiny frogs
  2 gargoyles
  A rime drake (Lair:4)
  11 komodo dragons
  4 trolls
  3 polar bears (Lair:6)
  3 hornets
  3 bog bodies (Swamp:1)
  18 slime creatures
  14 blink frogs
  9 hippogriffs
  A shadow (Swamp:1)
  5 wraiths
  2 spriggans
  42 yaks
  A tarantella (shapeshifter) (D:14)
  2 wyverns
  2 basilisks
  4 hungry ghosts
  2 steam dragons
  4 vampire mosquitoes
  A warg (Orc:1)
  8 swamp worms
  25 soldier ants
  5 nagas (Lair:4)
  11 insubstantial wisps (Swamp:1)
  6 porcupines
  13 water moccasins
  A hornet zombie (D:8)
  A black bear (D:7)
  A sky beast (D:7)
  A phantom (D:4)
  5 ice beasts
  A swamp drake (Swamp:1)
  17 ogres
  22 orc warriors
  A necrophage (D:13)
  14 crocodiles
  20 wolves
  8 centaurs
  A big kobold (D:12)
  13 bullfrogs
  2 wyvern zombies
  7 scorpions
  10 wights
  4 crimson imps
  3 bullfrog zombies
  A quasit (D:6)
  7 jellies
  5 hounds
  An iron imp (D:9)
  20 orc priests
  A bullfrog skeleton (D:8)
  Jessica (D:2)
  5 iguanas
  34 orc wizards
  25 worker ants
  2 hound zombies
  A worker ant zombie (D:7)
  A howler monkey skeleton (D:8)
  11 adders
  5 gnolls
  2 shadow imps
  9 oozes
  2 adder skeletons
  2 worms
  3 dart slugs
  6 leopard geckos
  79 orcs
  10 giant cockroaches
  6 goblins
  9 hobgoblins
  11 jackals
  9 kobolds
  2 quokkas
  3 ball pythons
  6 bats
  4 frilled lizards
  A leopard gecko zombie (D:5)
  4 quokka skeletons
  16 rats
  A fulminant prism (D:13)
731 creatures vanquished.

Vanquished Creatures (collateral kills)
  A shadow wraith (D:13)
  A yak (D:10)
  A leopard gecko (D:10)
3 creatures vanquished.

Vanquished Creatures (others)
  A centaur skeleton (D:12)
  94 fulminant prisms
  28 fungi
  23 plants
146 creatures vanquished.

Grand Total: 880 creatures vanquished

Notes
Turn   | Place    | Note
-------+----------+-------------------------------------------
     0 | D:1      | Jannitor the Demonspawn Wanderer began the quest for the Orb.
     0 | D:1      | Jannitor set off with: a book of Conjurations, a potion of curing, a potion of lignification, a +0 robe, a +0 club, a ration
     0 | D:1      | Reached XP level 1. HP: 13/13 MP: 4/4
     2 | D:1      | Learned a level 1 spell: Magic Dart
   466 | D:1      | Gained mutation: You have a pair of small horns on your head. [demonic ancestry]
   466 | D:1      | Reached XP level 2. HP: 18/19 MP: 0/6
   859 | D:1      | Reached XP level 3. HP: 12/24 MP: 7/7
  1591 | D:1      | Identified a +0 pair of boots of running (You found it on level 1 of the Dungeon)
  2213 | D:2      | Learned a level 2 spell: Searing Ray
  2402 | D:2      | Gained mutation: You are partially covered in slimy green scales. (AC +2) [demonic ancestry]
  2402 | D:2      | Reached XP level 4. HP: 28/30 MP: 9/9
  2724 | D:2      | Noticed Jessica
  2729 | D:2      | Killed Jessica
  2847 | D:3      | Found a glowing golden altar of the Shining One.
  2849 | D:3      | Found a snail-covered altar of Cheibriados.
  2851 | D:3      | Found a deep blue altar of Sif Muna.
  2851 | D:3      | Found a bloodstained altar of Trog.
  2851 | D:3      | Found a sacrificial altar of Ru.
  2851 | D:3      | Found an ornate altar of the Wu Jian Council.
  2851 | D:3      | Found a radiant altar of Vehumet.
  3188 | D:3      | Reached skill level 1 in Fighting
  3533 | D:4      | Gained mutation: You are slightly more attuned to the shadows. [demonic ancestry]
  3533 | D:4      | Reached XP level 5. HP: 37/37 MP: 6/10
  3739 | D:4      | Noticed an ogre
  4607 | D:4      | Gained mutation: You have a pair of horns on your head. [demonic ancestry]
  4607 | D:4      | Reached XP level 6. HP: 8/44 MP: 2/12
  4944 | D:4      | Reached skill level 5 in Conjurations
  5468 | D:4      | Reached XP level 7. HP: 51/51 MP: 8/14
  5871 | D:5      | Entered Level 5 of the Dungeon
  5916 | D:5      | Found a staircase to the Ecumenical Temple.
  5970 | D:5      | Found a glowing drain.
  6001 | Sewer    | Entered a sewer
  6246 | D:5      | Found a white marble altar of Elyvilon.
  6247 | D:5      | Found a stormy altar of Qazlal.
  6247 | D:5      | Found a shadowy altar of Dithmenos.
  6250 | D:5      | Found a shimmering altar of Xom.
  6250 | D:5      | Found a deep blue altar of Sif Muna.
  6250 | D:5      | Found a basalt altar of Yredelemnul.
  6356 | Temple   | Entered the Ecumenical Temple
  6449 | Temple   | Became a worshipper of Dithmenos the Shadowed
  6496 | D:4      | Learned a level 2 spell: Passwall
  6501 | D:4      | Learned a level 4 spell: Petrify
  6740 | D:5      | Found a hide-covered altar of Uskayaw.
  7279 | D:5      | Found an iron altar of Okawaru.
  7310 | D:5      | Reached skill level 1 in Earth Magic
  7356 | D:5      | Reached skill level 1 in Short Blades
  7356 | D:5      | Reached skill level 1 in Transmutations
  8043 | D:6      | Reached XP level 8. HP: 30/60 MP: 1/15
  9077 | D:7      | Found an ornate altar of the Wu Jian Council.
  9634 | D:7      | Found a shimmering altar of Xom.
 10302 | D:8      | Reached * piety under Dithmenos
 10445 | D:8      | Noticed a two-headed ogre
 10644 | D:8      | Gained mutation: You are significantly more attuned to the shadows. [demonic ancestry]
 10644 | D:8      | Reached XP level 9. HP: 61/67 MP: 16/16
 10659 | D:8      | Reached skill level 5 in Fighting
 11407 | D:9      | Noticed a queen bee
 12018 | D:9      | Learned a level 3 spell: Dazzling Spray
 12102 | D:9      | Found a burning altar of Makhleb.
 12649 | D:9      | Reached skill level 1 in Hexes
 13311 | D:10     | Entered Level 10 of the Dungeon
 13437 | D:10     | Reached skill level 5 in Stealth
 13723 | D:10     | Killed an unseen horror
 13723 | D:10     | Reached XP level 10. HP: 50/76 MP: 10/17
 13848 | D:10     | Found the +7 Spriggan's Knife {MR+ EV+4 Dex+4 Stlth+}
 13863 | D:10     | Reached skill level 1 in Armour
 13951 | D:10     | Identified the Handbook of Bewitching Earth
 13994 | D:10     | Reached ** piety under Dithmenos
 14006 | D:10     | Reached skill level 5 in Earth Magic
 14335 | D:10     | Noticed a two-headed ogre
 14346 | D:10     | Killed a two-headed ogre
 14346 | D:10     | Reached skill level 5 in Short Blades
 14561 | D:10     | Noticed a gargoyle
 14566 | D:10     | Killed a gargoyle
 15639 | D:8      | Killed an unseen horror
 15639 | D:8      | Gained mutation: You are mostly covered in slimy green scales. (AC +3) [demonic ancestry]
 15639 | D:8      | Reached XP level 11. HP: 43/84 MP: 1/18
 15896 | D:8      | Killed a two-headed ogre
 16506 | D:11     | Found a staircase to the Lair.
 16850 | Lair:1   | Entered Level 1 of the Lair of Beasts
 17484 | Lair:1   | Reached *** piety under Dithmenos
 17512 | Lair:1   | Reached skill level 5 in Hexes
 18021 | Lair:1   | Identified a scroll of acquirement
 18024 | Lair:1   | Got an ancient fustibalus
 18025 | Lair:1   | Identified the +1 fustibalus "Giantslayer" {velocity, -Tele +Fly rC+ Dex+3} (You acquired it on level 1 of the Lair of Beasts)
 18278 | Lair:1   | Learned a level 4 spell: Fulminant Prism
 18932 | Lair:2   | Reached skill level 1 in Dodging
 19085 | Lair:2   | Reached skill level 5 in Transmutations
 19633 | Lair:2   | Gained mutation: Your flesh is cold resistant. (rC+) [demonic ancestry]
 19633 | Lair:2   | Reached XP level 12. HP: 46/92 MP: 8/19
 21154 | Lair:3   | Noticed Sonja
 21162 | Lair:3   | Killed Sonja
 21638 | Lair:3   | Reached **** piety under Dithmenos
 22103 | Lair:4   | Found a staircase to the Swamp.
 22166 | Lair:4   | Noticed a seven-headed hydra
 22558 | Lair:4   | Found a staircase to the Snake Pit.
 23269 | Lair:4   | Killed a seven-headed hydra
 24327 | Lair:5   | Noticed zuik's ghost (journeyman MfGl)
 24656 | Lair:4   | Reached skill level 5 in Dodging
 25002 | Lair:5   | Found a viscous altar of Jiyva.
 25003 | Lair:5   | Found a staircase to the Slime Pits.
 25288 | D:12     | Reached XP level 13. HP: 101/101 MP: 20/20
 25316 | D:12     | Found a staircase to the Orcish Mines.
 25578 | D:12     | Noticed Nessos
 25791 | D:12     | Reached ***** piety under Dithmenos
 25912 | D:12     | Found Vot Woalet's Food Boutique.
 26684 | D:13     | Noticed a fire dragon
 26690 | D:13     | Killed a fire dragon
 26972 | Orc:1    | Entered Level 1 of the Orcish Mines
 26981 | Orc:1    | Noticed Fannar
 26990 | Orc:1    | Found Fimpirghu's General Store.
 27068 | Orc:1    | Killed Fannar
 27125 | Orc:1    | Bought a potion of brilliance for 72 gold pieces
 27125 | Orc:1    | Bought a scroll of teleportation for 54 gold pieces
 27125 | Orc:1    | Bought a potion of curing for 54 gold pieces
 27943 | Orc:1    | Found a roughly hewn altar of Beogh.
 28092 | Orc:2    | Entered Level 2 of the Orcish Mines
 28470 | Orc:2    | Found a radiant altar of Vehumet.
 28500 | Orc:2    | Found an ancient bone altar of Kikubaaqudgha.
 28512 | Orc:2    | Found Seuschoa's Magic Scroll Boutique.
 28639 | Orc:2    | Bought a scroll of blinking for 97 gold pieces
 28639 | Orc:2    | Bought a scroll of blinking for 97 gold pieces
 28639 | Orc:2    | Bought a scroll of blinking for 97 gold pieces
 28639 | Orc:2    | Bought a scroll of teleportation for 39 gold pieces
 28639 | Orc:2    | Bought a scroll of fog for 26 gold pieces
 28639 | Orc:2    | Bought a scroll of identify for 26 gold pieces
 28696 | Orc:2    | Found Haddis's Antique Weapon Shop.
 28742 | Orc:2    | Found Noasm's Book Boutique.
 28745 | Orc:2    | Reached ****** piety under Dithmenos
 29129 | Orc:2    | Found a roughly hewn altar of Beogh.
 29186 | Orc:2    | Found Ceen Keo's Book Boutique.
 29349 | Orc:2    | Bought a book of Misfortune for 320 gold pieces
 29349 | Orc:2    | Bought the Collected Works on Creative Transmigration for 832 gold pieces
 29355 | Orc:2    | Learned a level 5 spell: Yara's Violent Unravelling
 29799 | Orc:2    | Found Nauxuplu's Book Shop.
 29885 | Orc:2    | Found a staircase to the Elven Halls.
 31110 | Orc:2    | Reached skill level 5 in Spellcasting
 31400 | Orc:2    | Found a roughly hewn altar of Beogh.
 31455 | Orc:2    | Reached skill level 10 in Fighting
 32549 | Lair:6   | Entered Level 6 of the Lair of Beasts
 32575 | Lair:6   | Reached XP level 14. HP: 110/110 MP: 21/21
 32920 | Lair:6   | Reached skill level 1 in Invocations
 33430 | Lair:6   | Noticed an entropy weaver
 33553 | Lair:6   | Noticed an entropy weaver
 33958 | Lair:5   | Killed an entropy weaver
 34092 | Lair:6   | Killed an entropy weaver
 34853 | Lair:5   | Killed zuik's ghost
 35333 | Lair:6   | Reached skill level 5 in Invocations
 36244 | Lair:6   | Found the +9 sword of Zonguldrok {reap}
 37251 | D:13     | Found a gate to the Vaults.
 39467 | D:12     | Killed Nessos
 39566 | Swamp:1  | Entered Level 1 of the Swamp
 39820 | Swamp:1  | Noticed Louise
 39972 | Swamp:1  | Killed Louise
 39972 | Swamp:1  | Gained mutation: You have a pair of large horns on your head. [demonic ancestry]
 39972 | Swamp:1  | Reached XP level 15. HP: 89/115 MP: 7/22
 39975 | Swamp:1  | Identified the +1 large shield of Defiance {+Inv rF+ MR- Str+5} (You took it off Louise on level 1 of the Swamp)
 41075 | Swamp:1  | Reached skill level 10 in Short Blades
 41256 | Swamp:1  | Noticed Josephine
 41440 | Swamp:1  | Reached skill level 10 in Invocations
 41702 | Swamp:1  | Killed Josephine
 42316 | Swamp:2  | Noticed a thorn hunter
 42606 | Swamp:1  | Learned a level 5 spell: Summon Mana Viper
 43502 | D:13     | Reached skill level 1 in Summonings
 45221 | D:15     | Entered Level 15 of the Dungeon
 45586 | D:15     | Noticed Roxanne
 45706 | D:15     | Found Ywammess's Armour Shoppe.
 45916 | D:15     | Mangled by a spriggan berserker

Skill      XL: |  1  2  3  4  5  6  7  8  9 10 11 12 13 14 15 |
---------------+----------------------------------------------+-----
Conjurations   | 2 3 4 5 6 7 8 9 |  9.9
Fighting       | 1 2 3 4 6 7 8 9 10 | 10.0
Spellcasting   | 4 5 6 |  6.4
Earth Magic    | 1 3 4 5 6 7 |  7.0
Short Blades   | 1 3 4 5 6 7 8 9 10 | 10.0
Transmutations | 1 3 4 5 6 7 |  7.7
Stealth        | 2 3 5 6 7 8 9 |  9.4
Hexes          | 2 4 5 6 8 9 |  9.3
Armour         | 3 4 |  4.3
Dodging        | 1 5 7 |  7.3
Invocations    | 9 10 | 10.2
Summonings     | 2 |  2.9
Air Magic      | |  2.6
Poison Magic   | |  1.0
Evocations     | |  1.0

Action                   |  1- 3 |  4- 6 |  7- 9 | 10-12 | 13-15 || total
-------------------------+-------+-------+-------+-------+-------++-------
Melee: Club              |    27 |       |       |       |       ||    27
       Flail             |    69 |   102 |    27 |       |       ||   198
       Headbutt          |     9 |    13 |    54 |   153 |   394 ||   623
       Dagger            |       |       |   252 |     6 |       ||   258
       Knife             |       |       |       |   664 |  1305 ||  1969
Throw: Stone             |    18 |       |       |       |       ||    18
       Tomahawk          |       |       |     2 |       |       ||     2
 Cast: Magic Dart        |    82 |    96 |    40 |    24 |       ||   242
       Searing Ray       |       |     6 |    24 |    11 |     1 ||    42
       Dazzling Spray    |       |       |     6 |   100 |   134 ||   240
       Passwall          |       |       |     1 |       |     4 ||     5
       Fulminant Prism   |       |       |       |       |    96 ||    96
       Petrify           |       |       |       |       |    49 ||    49
       Summon Mana Viper |       |       |       |       |     2 ||     2
Invok: Shadow Step       |       |       |       |       |     1 ||     1
       Shadow Form       |       |       |       |       |     1 ||     1
 Abil: End Transformatio |       |       |       |       |     1 ||     1
Evoke: Wand              |       |       |    11 |    10 |     7 ||    28
  Use: Potion            |     3 |     2 |     2 |     3 |    14 ||    24
       Scroll            |       |     6 |    11 |    22 |    19 ||    58
 Stab: Sleeping          |       |     3 |    21 |    44 |    98 ||   166
       Paralysed         |       |       |     7 |       |       ||     7
       Distracted        |       |       |     1 |     3 |    12 ||    16
       Invisible         |       |       |     2 |    33 |    21 ||    56
       Petrified         |       |       |       |       |    24 ||    24
       Petrifying        |       |       |       |       |    13 ||    13
  Eat: Chunk             |     6 |    11 |    17 |    32 |    42 ||   108
       Ration            |       |       |     3 |     3 |    18 ||    24
Armor: Skin              |    25 |       |       |       |       ||    25
       Robe              |    23 |    46 |    73 |       |   137 ||   279
       Leather armour    |       |       |     5 |   122 |    20 ||   147
Dodge: Dodged            |    48 |    88 |   175 |   544 |  1056 ||  1911
